Map: Emerald City LE

Players

Massa

  • Race: Terran Terran
  • League: Platinum
  • Spawn Location: 11:00

qqq

  • Race: Protoss Protoss
  • Spawn Location: 11:00

Roger - Winner!

  • Race: Zerg Zerg
  • League: Gold
  • Spawn Location: 5:00

xSwT - Winner!

  • Race: Terran Terran
  • Spawn Location: 5:00

VOD

Have the link to the VOD?

Description

Time

  • Played on: Oct. 31, 2020, 7:45 a.m.
  • Length: 6:46
Show
View Real Time Build Order
Export as new Build Order

Massa Terran 

Build Orders:  

Get SALT Encoding   

  12  0:01  SCV  
  13  0:13  SCV  
  14  0:22  Supply Depot  
  14  0:25  SCV  
  15  0:30  Refinery  
  15  0:43  SCV  
  15  0:46  Barracks  
  16  0:56  SCV  
  17  1:08  SCV  
  18  1:20  SCV  
  20  1:34  Orbital Command  
  20  1:35  Reaper  
  20  1:51  Command Center  
  20  2:05  SCV  
  20  2:07  Marine  
  21  2:17  SCV  
  22  2:25  Supply Depot  
  22  2:32  Factory  
  21  2:55  SCV  
  21  2:58  Barracks Reactor  
  22  3:07  SCV  
  22  3:08  Supply Depot  
  22  3:09  Orbital Command  
  23  3:19  SCV  
  23  3:25  Starport  
  23  3:28  Hellion  
  23  3:33  Marine  
  23  3:34  Marine  
  27  3:40  SCV x2  
  29  3:45  Barracks  
  29  3:49  Hellion  
  29  3:51  Marine x2  
  29  3:52  SCV x2  
  35  4:03  Liberator  
  35  4:09  SCV x2  
  34  4:18  Hellion, Marine x2  
  34  4:21  SCV x2  
  37  4:33  Bunker  
  37  4:35  Supply Depot  
  37  4:36  Marine x2  
  39  4:39  Hellion  
  41  4:54  Marine x2  
  43  5:05  Marine  
  39  5:12  Marine x2  
  33  5:16  Hellion  
  29  5:22  Marine  
  29  5:28  Starport Tech Lab  
  28  5:33  Barracks  
  28  5:35  Barracks  
  28  5:37  Hellion  
  28  5:40  Marine  
  28  5:42  Supply Depot  
  30  5:43  Supply Depot  
  23  5:58  Supply Depot  
  22  6:05  SCV  
  22  6:07  Hellion, Marine  
  22  6:08  Marine  
  24  6:17  SCV  
  25  6:21  Supply Depot  
  25  6:25  Marine x2  
  25  6:29  SCV  
Show
View Real Time Build Order
Export as new Build Order

qqq Protoss 

Build Orders:  

Get SALT Encoding   

  12  0:01  Probe  
  13  0:13  Probe  
  14  0:25  Probe  
  14  0:26  Pylon  
  15  0:44  Probe  
  16  0:56  Probe  
  17  1:09  Nexus  
  17  1:14  Gateway  
  17  1:25  Pylon  
  17  1:28  Probe (Chrono Boost)  
  18  1:36  Assimilator  
  18  1:39  Pylon  
  18  1:40  Probe (Chrono Boost)  
  19  1:48  Probe (Chrono Boost)  
  20  1:55  Probe  
  21  2:01  Cybernetics Core  
  21  2:04  Zealot  
  23  2:11  Probe  
  23  2:12  Assimilator  
  24  2:24  Probe (Chrono Boost)  
  24  2:25  Probe (Chrono Boost)  
  26  2:36  Probe (Chrono Boost)  
  28  2:38  Stalker (Chrono Boost)  
  28  2:40  Probe (Chrono Boost)  
  28  2:43  Probe (Chrono Boost)  
  30  2:47  Probe  
  32  3:00  Stalker  
  34  3:14  Probe  
  34  3:15  Probe  
  36  3:27  Probe x2  
  35  3:30  Stalker (Chrono Boost)  
  35  3:39  Probe x2  
  33  3:51  Probe  
  33  3:54  Gateway  
  34  4:01  Probe  
  37  4:03  Probe  
  38  4:13  Probe  
  38  4:15  Probe  
  36  4:25  Probe  
  36  4:27  Probe  
  36  4:28  Gateway  
  36  4:30  Gateway  
  38  4:33  Pylon  
  31  4:39  Probe  
  22  4:51  Probe  
  23  5:03  Probe  
  22  5:15  Probe  
  22  5:17  Stalker (Chrono Boost)  
  46  5:21  Adept (Chrono Boost)  
  27  5:28  Probe  
  28  5:30  Forge  
  28  5:38  Adept (Chrono Boost)  
  28  5:41  Stargate  
  30  5:42  Stargate  
  30  5:55  Adept  
  28  6:05  Photon Cannon x2  
  28  6:07  Adept  
  28  6:09  Shield Battery  
  30  6:20  Pylon  
  30  6:31  Pylon  
Show
View Real Time Build Order
Export as new Build Order

Roger Zerg - Winner!

Build Orders: Pool First 

Get SALT Encoding   

  12  0:02  Drone  
  13  0:08  Drone  
  14  0:19  Overlord  
  14  0:35  Spawning Pool  
  13  0:41  Drone  
  14  0:43  Drone  
  14  0:45  Drone  
  16  0:56  Drone  
  17  1:04  Extractor  
  17  1:05  Drone  
  17  1:22  Hatchery  
  16  1:26  Drone x2  
  18  1:36  Queen  
  18  1:39  Drone  
  21  2:06  Zergling x2  
  21  2:07  Overlord  
  22  2:27  Queen  
  22  2:28  Zergling x4  
  26  2:34  Metabolic Boost  
  26  2:38  Drone, Evolution Chamber  
  26  2:52  Drone x2  
  28  3:00  Hatchery  
  28  3:04  Zergling x2  
  28  3:17  Zergling x2  
  29  3:23  Zergling x12  
  35  3:39  Zerg Melee Weapons Level 1  
  35  3:44  Zergling x2  
  35  3:45  Overlord x2  
  35  3:48  Overlord  
  35  4:02  Overlord x2  
  32  4:22  Zergling x2  
  32  4:23  Zergling x12  
  38  4:25  Zergling x2  
  38  4:38  Zergling x8  
  42  4:53  Zergling x10  
  44  5:20  Zergling x18  
  51  5:24  Zergling x2  
  51  5:27  Zergling x2  
  50  5:44  Zergling x4  
  50  5:45  Zergling x8  
  52  6:11  Zergling x2  
  52  6:12  Zergling x12  
Show
View Real Time Build Order
Export as new Build Order

xSwT Terran - Winner!

Build Orders:  

Get SALT Encoding   

  12  0:00  SCV  
  13  0:12  SCV  
  14  0:20  Supply Depot  
  14  0:24  SCV  
  15  0:43  Barracks  
  15  0:45  Barracks  
  15  0:53  Refinery  
  15  0:59  Refinery  
  15  1:03  SCV  
  16  1:15  SCV  
  17  1:27  SCV  
  17  1:31  Reaper  
  19  1:39  Reaper  
  20  1:41  Orbital Command  
  20  1:53  Supply Depot  
  20  2:09  Reaper  
  20  2:14  SCV  
  22  2:26  Reaper, SCV  
  24  2:33  Factory  
  24  2:39  SCV  
  24  3:50  SCV  
  24  3:52  Factory Reactor  
  24  3:54  Command Center  
  25  4:02  SCV  
  24  4:53  Barracks Tech Lab  
  24  4:58  Hellion x2  
  24  4:59  Barracks Reactor, SCV  
  28  5:00  Starport  
  28  5:05  Engineering Bay  
  28  5:07  Command Center  
  28  5:09  Barracks  
  28  5:10  Barracks  
  28  5:11  SCV, Barracks  
  28  5:12  Engineering Bay  
  28  5:13  Orbital Command  
  29  5:23  SCV  
  30  5:30  Orbital Command  
  30  5:35  SCV  
  31  5:44  Factory Tech Lab  
  31  5:45  Medivac x2  
  31  5:47  Marine x3  
  34  6:04  Barracks Reactor x3  
  34  6:05  Marine x3  
  34  6:06  Siege Tank  
  40  6:16  SCV x2  
  42  6:23  Marine  
  43  6:28  SCV x2  
Tags
 
Add a new tag
Caveats
  • Supply blocks, unpowered buildings, or Contaminate may cause inaccurate times.
  • Supply counts are checked every 10 seconds.